cohdb
Replays
Latest Replays
All Replays
Popular Replays
Top Player Replays
Match Explorer
How It Works
Community
CoH3 Stats
Reddit
Sign in to upload your games and track your stats! →
Sign in with Steam
Match 44625263
Unlisted
Match 44625263
Overview
Messages
Build Orders
End
Construct Infanterie Kompanie
Kettenkrad Recon Vehicle
MG 42 Machine Gun Team
Grenadier Squad
Grenadier Squad
Construct Panzergrenadier Kompanie
251 Medium Carrier
Selects Mechanized Battlegroup
Selects Raid Package
Pak 40 Anti-tank Gun Team
Selects StuG Assault Group
StuG Assault Group
Selects Mobile Repair Stations
Panzergrenadier Officer Quarters
Construct Panzer Kompanie
Selects Wespe Self-propelled Artillery
Wespe Self-propelled Artillery
Selects UNKNOWN (2160084)
Panther Heavy Tank
Selects Zeroing Artillery Barrage
Panther Heavy Tank
Zeroing Artillery Barrage
Sandman
Nikkalainen
DrewP
Dillbro
0
0
Comments
sign in to comment!
No comments posted yet!